 Dungeon Sprint DCSS version 0.28.0-43-g3370ac3207 (webtiles) character file.

Game seed: 15055104542059165151

109 boopmooplesden the Slasher (level 4, -5/47 HPs)
             Began as a Minotaur Berserker on Mar 15, 2022.
             Was a Follower of Trog.
             Slain by Sigmund
             ... wielding a +0 scythe
              (6 damage)
             ... in the Dungeon (Sprint I: "Red Sonja").
             The game lasted 00:00:29 (341 turns).

boopmooplesden the Slasher (Minotaur Berserker)      Turns: 341, Time: 00:00:30

Health: -5/47      AC:  3    Str: 22    XL:     4   Next: 59%
Magic:  3/3        EV: 12    Int:  4    God:    Trog [*.....]
Gold:   54         SH:  0    Dex: 11    Spells: 3/3 levels left

rFire   . . .      SeeInvis .   j - +4 dagger (venom)
rCold   . . .      Faith    .   (no shield)
rNeg    . . .      Spirit   .   k - +0 leather armour
rPois   .          Reflect  .   (helmet restricted)
rElec   .          Harm     .   (no cloak)
rCorr   .          Rampage  .   (no gloves)
Will    .....      NoTele   +   (no boots)
Stlth   +.........              (no amulet)
HPRegen 0.15/turn               (no ring)
MPRegen 0.08/turn               (no ring)

@: on berserk cooldown, slowed, very slow
A: horns 2, retaliatory headbutt
a: Renounce Religion, Berserk


You were in the Dungeon.
You worshipped Trog.
Trog was aware of your devotion.
You visited 1 branch You collected 54 gold pieces.

Inventory:

Hand Weapons
 a - a +0 falchion
 j - a +4 dagger of venom (weapon)
Armour
 b - a +0 animal skin
 k - a +0 leather armour (worn)
Wands
 i - a wand of flame (19)
Scrolls
 h - a scroll of blinking
Potions
 c - a potion of curing
 d - a potion of heal wounds
 e - a potion of haste
 f - 2 potions of magic
 g - a potion of berserk rage


   Skills:
 + Level 7.6 Fighting
 + Level 0.6(4.5) Short Blades
 + Level 7.9 Long Blades
 + Level 4.1 Armour
 + Level 4.0 Dodging


You had 3 spell levels left.
You didn't know any spells.
Your spell library was empty.

Dungeon Overview and Level Annotations

Branches:
Dungeon (1/1)

Altars:

Annotations:
D Sigmund


Innate Abilities, Weirdness & Mutations

You have a pair of horns on your head.
You reflexively headbutt those who attack you in melee.


Message History

You bump into the rock wall.
Sigmund looks at you with fury. Sigmund hits you with a +0 scythe.
You bump into the rock wall.
Sigmund hits you with a +0 scythe.
You bump into the rock wall.
You closely miss Sigmund. You headbutt Sigmund!
Sigmund is moderately wounded.
Sigmund closely misses you.
Sigmund gestures wildly while chanting.
Sigmund flickers and vanishes!
Deactivating autopickup; reactivate with Ctrl-A.
Something hits you!
There is an open door here.
You feel less confused.
You hear some strange, mumbled words.
A puff of flame appears from out of thin air!
The puff of flame hits you!
There is an open door, spattered with blood here.
A red film seems to cover your vision as you go berserk!
You feel yourself moving faster!
You feel mighty!
You hear some strange, mumbled words.
You are confused.
You bump into the rock wall.
You feel a strong urge to attack something.
Something hits you!
You feel your anger nearly subside. Something hits you!
* * * LOW HITPOINT WARNING * * *
You bump into the closed door.
You are no longer berserk.
You are exhausted.
You feel yourself slow down.
You bump into the closed door.
Something hits you.
* * * LOW HITPOINT WARNING * * *
You bump into the closed door.
Something hits you!
* * * LOW HITPOINT WARNING * * *
You bump into the stone wall.
You feel less confused. Something hits you.
You die...

#############
#<.#.÷').#.@+
#..'..#..'{.#
#..#####'####
#..# #..#
#..# ####
#..# #⌠⌠#
####


There were no monsters in sight!

Vanquished Creatures
  An ogre (D)
  Ijyb (D)
2 creatures vanquished.

Notes
Turn   | Place    | Note
-------+----------+-------------------------------------------
     0 | D        | boopmooplesden the Minotaur Berserker began the quest for
                  | the Orb.
     0 | D        | Reached XP level 1. HP: 19/19 MP: 0/0
     3 | D        | Noticed Ijyb
     6 | D        | Killed Ijyb
     7 | D        | Reached skill level 5 in Fighting
     7 | D        | Reached skill level 5 in Long Blades
     7 | D        | Reached XP level 2. HP: 23/29 MP: 1/1
   197 | D        | Noticed an ogre
   200 | D        | Killed an ogre
   201 | D        | Reached XP level 3. HP: 33/39 MP: 2/2
   201 | D        | Reached XP level 4. HP: 40/47 MP: 3/3
   321 | D        | Noticed Sigmund
   340 | D        | HP: 1/47 [something (10)]
   341 | D        | Slain by Sigmund

Illustrated notes

Levels and vault maps discovered:
D:        dungeon_sprint_1 [red_sonja_temple_1, red_sonja_temple_small_1]

Skill      XL: |  1  2 |
---------------+-------+-----
Fighting       | 5 7 |  7.6
Long Blades    | 5 7 |  7.9
Armour         | 3 4 |  4.1
Dodging        | 3 4 |  4.0
Short Blades   | |  0.6

Action                   |  1- 3 |  4- 6 || total
-------------------------+-------+-------++-------
Melee: Falchion          |     2 |       ||     2
       Headbutt          |     2 |     1 ||     3
       Dagger            |     3 |     2 ||     5
Invok: Berserk           |     2 |     1 ||     3
Dodge: Dodged            |       |     2 ||     2
